 Dungeon Crawl Stone Soup version 0.31-a0-1522-g43313d8a59 (webtiles) character file.

Game seed: 16116330752281371517

2 AstroCodex24 the Shield-Bearer (level 1, 0/18 HPs)
             Began as a Demigod Fighter on Dec 30, 2023.
             Slain by a sleepcap (1 damage)
             ... on level 2 of the Dungeon.
             The game lasted 00:00:44 (230 turns).

AstroCodex24 the Shield-Bearer (Demigod Fighter)     Turns: 230, Time: 00:00:44

Health: 0/18       AC:  6    Str: 17    XL:     1   Next: 20%
Magic:  3/3        EV:  9    Int: 10    God:
Gold:   50         SH:  4    Dex: 13    Spells: 0/0 levels left

rFire   . . .        a - +0 war axe
rCold   . . .        c - +0 buckler
rNeg    . . .        b - +0 scale mail
rPois   .            (no helmet)
rElec   .            (no cloak)
rCorr   .            (no gloves)
SInv    .            (no boots)
Will    .....        (no amulet) Stlth
                     (no ring)
HPRegen 0.23/turn    (no ring)
MPRegen 0.08/turn

%: no passive effects
@: no status effects
A: high MP 1, forlorn, divine attributes
a: no special abilities


You were on level 2 of the Dungeon.
You visited 1 branch of the dungeon, and saw 2 of its levels.

You collected 50 gold pieces.

Inventory:

Hand Weapons
 a - a +0 war axe (weapon)
Armour
 b - a +0 scale mail (worn)
 c - a +0 buckler (worn)
Scrolls
 e - a scroll of enchant armour {unknown}
Potions
 d - a potion of might


   Skills:
 + Level 2.7 Fighting
 + Level 1.7 Axes
 + Level 2.6 Armour
 + Level 2.8 Shields


You couldn't memorise any spells.
You didn't know any spells.
Your spell library was empty.

Dungeon Overview and Level Annotations

Branches:
Dungeon (2/15)


Innate Abilities, Weirdness & Mutations

You have an increased reservoir of magic. (+10% MP)
You shall have no god before yourself.
Your divine heritage dramatically boosts your attributes as you level up.


Message History

Found a scroll labelled KENKUDW HAMM.
The rat barely misses you.
You barely miss the rat. The rat closely misses you.
You hit the rat.
The rat is severely wounded.
The rat closely misses you.
You hit the rat but do no damage.
The rat is severely wounded.
You block the rat's attack. The rat bites you but does no damage.
You hit the rat.
You kill the rat!
e - a scroll labelled KENKUDW HAMM A ball python comes into view.
Found 10 gold pieces.
The ball python bites you but does no damage.
The ball python grabs you. The ball python constricts you.
You slash the ball python!
You kill the ball python!
You see here a ball python corpse.
You now have 50 gold pieces (gained 10).
You see here a ball python corpse.
You see here a ball python corpse.
A sleepcap comes into view.
You slash the plant!
The plant begins to die.
The plant is lightly damaged.
You hit the plant.
The plant is lightly damaged.
The sleepcap attacks as it pursues you! The sleepcap releases spores at you.
You are engulfed in a cloud of soporific spores!
You fall asleep.
A nearby plant withers and dies.
The sleepcap releases spores at you!
You wake up.
Ouch! That really hurt!
* * * LOW HITPOINT WARNING * * *
You are engulfed in a cloud of soporific spores!
You are unaffected.
You hit the sleepcap.
The sleepcap is lightly damaged.
The sleepcap releases spores at you.
You die...
P

♣ .♣. . ..♣♣.♣♣♣
♣♣.♣§P§§ ♣♣...§♣§♣
....♣P§.# #...P§f#
###..♣@# #######.#
#.########.......#
#.##.....†.#######
#.##.###.###
#.##.# #.#
#.##.###.#
#.##.....#
#.#####..#


You could see a sleepcap.

Vanquished Creatures
  A ball python (D:2)
  A rat (D:2)
2 creatures vanquished.

Notes
Turn   | Place    | Note
-------+----------+-------------------------------------------
     0 | D:1      | AstroCodex24 the Demigod Fighter began the quest for the
                  | Orb.
     0 | D:1      | Reached XP level 1. HP: 18/18 MP: 3/3
   118 | D:1      | You fall into a shaft and drop 1 floor!
   224 | D:2      | Noticed a sleepcap
   230 | D:2      | Slain by a sleepcap

Illustrated notes

Levels and vault maps discovered:
D:1:      dpeg_arrival_boxes_within_box, layout_basic, serial_glass,
          glass_columns_b, glass_columns_a, glass_columns_a, glass_columns_a,
          glass_columns_a, glass_columns_b, nicolae_shop_vocational
D:2:      wad_woods_tower, layout_basic, minmay_misc_feat_secret_circle

Action                     || total
---------------------------++-------
  Melee: War axe           ||     8
 Armour: Scale mail        ||     5
  Dodge: Dodged            ||     3
  Block: Buckler           ||     1

Table legend: (Time is in decaauts)
 A = Elapsed time spent in this place.
 B = Non-inter-level travel time spent in this place.
 C = Inter-level travel time spent in this place.
 D = Time resting spent in this place.
 E = Time spent auto-exploring this place.
 F = Levels seen in this place.
 G = Mean time per level.
                   A        B        C        D        E       F      G
               +--------+--------+--------+--------+--------+-----+--------+
         Total |    232 |    232 |      0 |      0 |      0 |   2 |  116.0 |
       Dungeon |    232 |    232 |      0 |      0 |      0 |   2 |  116.0 |
               +--------+--------+--------+--------+--------+-----+--------+

Top non-repeatable levels by time:
     D:1: 118 daAuts
     D:2: 114 daAuts
